 Dungeon Crawl Stone Soup version 0.29-a0-330-g52719c12eb (webtiles) character file.

Game seed: 13481004698689169496

26 thiscave3701365 the Skirmisher (level 2, -1/27 HPs)
             Began as a Minotaur Berserker on Apr 12, 2022.
             Was a Believer of Trog.
             Slain by a gnoll
             ... wielding a +0 vampiric spear
              (2 damage)
             ... on level 2 of the Dungeon.
             The game lasted 00:00:51 (1259 turns).

thiscave3701365 the Skirmisher (Minotaur Berserker) Turns: 1259, Time: 00:00:52

Health: -1/27      AC:  9    Str: 21    XL:     2   Next: 89%
Magic:  1/1        EV:  8    Int:  4    God:    Trog [**....]
Gold:   87         SH:  0    Dex:  9    Spells: 1/1 levels left

rFire   . . .      SeeInvis .   a - +0 falchion
rCold   . . .      Faith    .   (no shield)
rNeg    . . .      Spirit   .   j - +0 chain mail
rPois   .          Reflect  .   (helmet restricted)
rElec   .          Harm     .   (no cloak)
rCorr   .          Rampage  .   (no gloves)
Will    .....                   (no boots)
Stlth   ..........              (no amulet)
HPRegen 0.09/turn               (no ring)
MPRegen 0.07/turn               (no ring)

@: no status effects
A: horns 2, retaliatory headbutt
a: Renounce Religion, Berserk, Trog's Hand


You were on level 2 of the Dungeon.
You worshipped Trog.
Trog was pleased with you.
You visited 1 branch of the dungeon, and saw 2 of its levels.

You collected 87 gold pieces.

Inventory:

Hand Weapons
 a - a +0 falchion (weapon)
Armour
 j - a +0 chain mail (worn)
Jewellery
 m - a +6 ring of dexterity
Scrolls
 b - a scroll of summoning {unknown}
 c - a scroll of enchant weapon {unknown}
 d - a scroll of brand weapon {unknown}
 g - a scroll of identify {unknown}
 l - a scroll of teleportation {unknown}
Potions
 e - a potion of degeneration {unknown}
 f - a potion of attraction {unknown}
 h - a potion of haste {unknown}
 i - 2 potions of curing {unknown}
 k - a potion of might {unknown}


   Skills:
 + Level 4.0 Fighting
 + Level 4.0 Long Blades
 + Level 3.0 Armour
 + Level 2.6 Dodging


You had one spell level left.
You didn't know any spells.
Your spell library was empty.

Dungeon Overview and Level Annotations

Branches:
Dungeon (2/15)

Altars:

Shops:
D:2 (


Innate Abilities, Weirdness & Mutations

You have a pair of horns on your head.
You reflexively headbutt those who attack you in melee.


Message History

The ball python is severely wounded.
The ball python barely misses you. The ball python grabs you.
The ball python constricts you.
A ball python is nearby!
You hit the ball python.
You kill the ball python!
Trog accepts your kill.
You can now call upon Trog for regeneration and willpower.
You see here 21 stones.
Key pressed, stopping explore.
No target in view!
Found a dagger.
No target in view! 3 gnolls come into view.
A gnoll is wielding a +0 vampiric spear.
The gnoll shouts!
A gnoll comes into view. It is wielding a +0 halberd.
The gnoll shouts!
The gnoll closely misses you.
There are monsters nearby!
You barely miss the gnoll. Your headbutt misses the gnoll.
The gnoll hits you with a +0 vampiric spear!
The gnoll hits you but does no damage.
There are monsters nearby!
You hit the gnoll. You headbutt the gnoll.
The gnoll is heavily wounded.
The gnoll hits you from afar with a +0 halberd.
The gnoll hits you with a +0 vampiric spear.
The gnoll hits you but does no damage.
There are monsters nearby!
You closely miss the gnoll.
The gnoll is heavily wounded.
The gnoll hits you from afar with a +0 halberd.
The gnoll closely misses you.
The gnoll hits you but does no damage. x2
The gnoll hits you from afar with a +0 halberd!
* * * LOW HITPOINT WARNING * * *
The gnoll hits you from afar with a +0 halberd.
* * * LOW HITPOINT WARNING * * *
The gnoll hits you with a +0 vampiric spear.
You die...

. #.#####. #.
####.#####. #).
##....##.... ..
#..#####.###
#.#####.## #.#
#....##.#### #.#
####.......###.###
#......###......†#
#@###### #####.#..
#gg# #.### #gg##
#.# #... #.###
#..#. #..##. #.##.
###.###. #. #.
........ . #.
###..... ....####


You could see 4 gnolls.

Vanquished Creatures
  2 dart slugs (D:1)
  3 endoplasms (D:1)
  A giant cockroach (D:1)
  2 goblins (D:1)
  A hobgoblin (D:1)
  2 quokkas
  3 ball pythons
  A bat (D:1)
  A frilled lizard (D:1)
  4 kobolds
  2 rats (D:1)
22 creatures vanquished.

Notes
Turn   | Place    | Note
-------+----------+-------------------------------------------
     0 | D:1      | thiscave3701365 the Minotaur Berserker began the quest for
                  | the Orb.
     0 | D:1      | Reached XP level 1. HP: 19/19 MP: 0/0
   376 | D:1      | Reached XP level 2. HP: 27/27 MP: 1/1
  1168 | D:2      | Found Aceceavo's Weapon Shoppe.
  1206 | D:2      | Reached ** piety under Trog
  1259 | D:2      | HP: 1/27 [gnoll/+0 halberd (3)]
  1259 | D:2      | Slain by a gnoll

Illustrated notes

Levels and vault maps discovered:
D:1:      evilmike_arrival_fibonacci_small, layout_basic, st_stairs_2
D:2:      minmay_chambers_of_ones, layout_rooms, serial_shops, shop

Skill      XL: |  1  2 |
---------------+-------+-----
Fighting       | 4 |  4.0
Long Blades    | 4 |  4.0
Armour         | 3 |  3.0
Dodging        | |  2.6

Action                   || total
-------------------------++-------
Melee: Falchion          ||    55
       Headbutt          ||    10
 Stab: Sleeping          ||     1
Armor: Animal skin       ||     6
       Chain mail        ||    10
Dodge: Dodged            ||    29

Table legend: (Time is in decaauts)
 A = Elapsed time spent in this place.
 B = Non-inter-level travel time spent in this place.
 C = Inter-level travel time spent in this place.
 D = Time resting spent in this place.
 E = Time spent auto-exploring this place.
 F = Levels seen in this place.
 G = Mean time per level.
                   A        B        C        D        E       F      G
               +--------+--------+--------+--------+--------+-----+--------+
         Total |   1264 |   1211 |     53 |      0 |   1055 |   2 |  632.0 |
       Dungeon |   1264 |   1211 |     53 |      0 |   1055 |   2 |  632.0 |
               +--------+--------+--------+--------+--------+-----+--------+

Top non-repeatable levels by time:
     D:1: 1034 daAuts
     D:2: 229 daAuts
